 Dungeon Crawl Stone Soup version 0.23-a0-41-g8b50da7 (webtiles) character file.

3446 wirefist the Skirmisher (level 9, -7/92 HPs)
             Began as a Troll Berserker on Aug 5, 2018.
             Was a Priest of Trog.
             Mangled by a wyvern (12 damage)
             ... on level 8 of the Dungeon on Aug 6, 2018.
             The game lasted 00:15:39 (5161 turns).

wirefist the Skirmisher (Troll Berserker)           Turns: 5161, Time: 00:15:39

Health: -7/92      AC:  5    Str: 27    XL:     9   Next: 77%
Magic:  8/8        EV: 13    Int:  6    God:    Trog [***...]
Gold:   388        SH:  0    Dex: 12    Spells: 8/8 levels left

rFire    + . .     SeeInvis .   x - +8 dagger "Sytwac" {drain, +Fly Int+3}
rCold    x . .     Gourm    +   (no shield)
rNeg     . . .     Faith    .   b - +0 animal skin
rPois    .         Spirit   .   (helmet restricted)
rElec    .         Reflect  .   (no cloak)
rCorr    .         Harm     .   (gloves unavailable)
MR       ++...                  (boots unavailable)
Stlth    +.........             (no amulet)
HPRegen  1.65/turn              d - ring of fire
MPRegen  0.11/turn              (no ring)

@: marked, berserk cooldown, regenerating, slowed, very slow
A: large, unfitting armour, claws 3, fast metabolism 3, gourmand, regeneration
1, shaggy fur 1, tough skin 2
a: Berserk, Trog's Hand, Renounce Religion, Evoke Flight


You were on level 8 of the Dungeon.
You worshipped Trog.
Trog was most pleased with you.
You were very full.

You visited 2 branches of the dungeon, and saw 9 of its levels.

You collected 388 gold pieces.

Inventory:

Hand Weapons
 a - a +0 mace
 g - a +2 whip of electrocution
 m - a +2 dire flail of holy wrath
 q - a +2 mace of draining
 x - the +8 dagger "Sytwac" (weapon) {drain, +Fly Int+3}
   (You found it on level 5 of the Dungeon)

   A truly terrible weapon, it drains the life of those it strikes.
   It affects your intelligence (+3).
   It lets you fly.
 y - a +0 giant spiked club
Armour
 b - a +0 animal skin (worn)
 l - a +1 robe of magic resistance
Jewellery
 d - a ring of fire (left claw)
 p - an uncursed amulet of the gourmand {unknown}
 s - a cursed amulet of inaccuracy {unknown}
 v - an uncursed ring of positive energy {unknown}
 H - an uncursed amulet of magic regeneration {unknown}
Wands
 r - a wand of random effects (17)
 t - a wand of disintegration (13)
 u - a wand of flame (28)
 A - a wand of acid (5)
Scrolls
 e - 7 scrolls of teleportation
 i - 5 scrolls of identify
 j - 4 scrolls of remove curse
 w - a scroll of amnesia {unknown}
 B - a scroll of fog
 C - a scroll of enchant armour {unknown}
 E - a scroll of immolation
 F - a scroll of magic mapping {unknown}
Potions
 f - a potion of flight
 h - 2 potions of lignification
 k - 2 potions of heal wounds
 n - a potion of invisibility {unknown}
 o - 5 potions of curing
 z - 2 potions of haste {unknown}
 D - a potion of mutation {unknown}
Comestibles
 c - 16 rations
 G - 3 chunks of flesh


   Skills:
 + Level 6.6 Fighting
 * Level 5.7 Short Blades
 - Level 6.1 Maces & Flails
 + Level 6.6 Dodging
 - Level 0.3 Stealth


You had 8 spell levels left.
You didn't know any spells.
Your spell library was empty.

Dungeon Overview and Level Annotations

Branches:
Dungeon (8/15)             Temple (1/1) D:6
   Lair: D:8-11

Altars:
Ashenzari
Cheibriados
Elyvilon
Fedhas
Gozag
Hepliaklqana
Kikubaaqudgha
Makhleb
Okawaru
Qazlal
Ru
Sif Muna
Trog
Uskayaw
Vehumet
Wu Jian
Xom
Zin
The Shining One


Innate Abilities, Weirdness & Mutations

You are too large for most types of armour.
You have claws for hands.
Your metabolism is lightning-fast.
You like to eat raw meat.
Your natural rate of healing is unusually fast.
You are covered in fur. (AC +1)
You have very tough skin. (AC +2)


Message History

You are no longer berserk.
You are exhausted.
You feel yourself slow down. The black bear closely misses you.
The black bear claws you.
* * * LOW HITPOINT WARNING * * *
The black bear claws you but does no damage.
Items here: ( ) [ † a morningstar of protection; 3 throwing nets; a scale mail the human corpse of Harold Your skin crawls.
You feel resistant to hostile enchantments.
You feel somewhat less full. The black bear barely misses you.
The black bear claws you but does no damage. x2
The black bear bites you.
* * * LOW HITPOINT WARNING * * *
The black bear barely misses you.
The black bear claws you but does no damage.
The wyvern closely misses you. The wyvern bites you!
You die...

##### ##..####.#
##....## #.## ##.
#......## #.# ##
#.......# ##.# #
##.......# ##..# #
#........###...# ##
#..............## ##.
#.....h.†.......# #..
#....@l)$..........#..
#.............######..
#............## #..
#......".....## ##.
#...........### #.
..#.........# ## #
##........# #
#........#


You could see a black bear and a wyvern.

Vanquished Creatures
  Harold (D:8)
  Pikel (D:4)
  A cyclops (D:8)
  Edmund (D:4)
  A phantom (D:4)
  An ice beast (D:6)
  2 slaves (D:4)
  4 ogres
  3 centaurs
  2 bullfrogs
  2 scorpions
  A howler monkey (D:8)
  A crimson imp (D:7)
  A bullfrog zombie (D:7)
  3 jellies
  An orc priest (D:3)
  A bullfrog skeleton (D:4)
  4 hounds
  2 orc wizards (D:3)
  Terence (D:3)
  Ijyb (D:5)
  4 worker ants
  2 hound skeletons
  4 gnolls (D:4)
  A howler monkey skeleton (D:4)
  14 adders
  2 shadow imps
  2 oozes
  An adder zombie (D:7)
  An adder skeleton (D:6)
  A worm (D:2)
  3 leopard geckos
  8 orcs
  7 giant cockroaches
  6 goblins
  6 hobgoblins (D:1)
  9 jackals
  5 kobolds
  4 quokkas
  2 ball pythons (D:1)
  11 bats
  4 frilled lizards
  13 rats
145 creatures vanquished.

Vanquished Creatures (others)
  A slave (D:4)
1 creature vanquished.

Grand Total: 146 creatures vanquished

Notes
Turn   | Place    | Note
-------+----------+-------------------------------------------
     0 | D:1      | wirefist the Troll Berserker began the quest for the Orb.
     0 | D:1      | Reached XP level 1. HP: 22/22 MP: 0/0
   129 | D:1      | Reached XP level 2. HP: 29/29 MP: 1/1
   601 | D:1      | Reached XP level 3. HP: 36/36 MP: 2/2
   910 | D:2      | Reached ** piety under Trog
   966 | D:2      | Reached XP level 4. HP: 36/44 MP: 3/3
  1788 | D:3      | Reached XP level 5. HP: 48/53 MP: 4/4
  2116 | D:3      | Noticed Terence
  2127 | D:3      | Killed Terence
  2173 | D:3      | Reached XP level 6. HP: 60/61 MP: 5/5
  2527 | D:4      | Noticed a slave
  2529 | D:4      | Noticed Pikel
  2529 | D:4      | Noticed a slave
  2530 | D:4      | Noticed a slave
  2555 | D:4      | Killed a slave
  2556 | D:4      | Killed a slave
  2574 | D:4      | Noticed a slave
  2603 | D:4      | Killed Pikel
  2603 | D:4      | Reached skill level 5 in Maces & Flails
  2603 | D:4      | Reached XP level 7. HP: 47/71 MP: 6/6
  2658 | D:4      | Found a snail-covered altar of Cheibriados.
  2963 | D:4      | Noticed Edmund
  2973 | D:4      | Killed Edmund
  3010 | D:5      | Entered Level 5 of the Dungeon
  3145 | D:5      | Found an iron altar of Okawaru.
  3318 | D:5      | Reached skill level 5 in Dodging
  3318 | D:5      | Reached XP level 8. HP: 79/79 MP: 7/7
  3366 | D:5      | Found an ornate altar of the Wu Jian Council.
  3371 | D:5      | Found an ancient bone altar of Kikubaaqudgha.
  3375 | D:5      | Found a hide-covered altar of Uskayaw.
  3384 | D:5      | Noticed Ijyb
  3389 | D:5      | Reached skill level 5 in Fighting
  3396 | D:5      | Killed Ijyb
  3461 | D:5      | Found a shimmering altar of Xom.
  3475 | D:5      | Got an encrusted dagger
  3476 | D:5      | Identified the +8 dagger "Sytwac" {drain, +Fly Int+3} (You found it on level 5 of the Dungeon)
  3560 | D:6      | Reached skill level 1 in Short Blades
  3561 | D:6      | Found a shattered altar of Ashenzari.
  3577 | D:6      | Found a white marble altar of Elyvilon.
  3703 | D:6      | Reached *** piety under Trog
  4021 | D:6      | Found a staircase to the Ecumenical Temple.
  4027 | Temple   | Entered the Ecumenical Temple
  4518 | D:7      | Reached XP level 9. HP: 68/89 MP: 8/8
  4984 | D:8      | Noticed a cyclops
  5010 | D:8      | Killed a cyclops
  5075 | D:8      | Noticed a moth of wrath
  5078 | D:8      | Found a bloodstained altar of Trog.
  5131 | D:8      | Noticed Harold
  5156 | D:8      | HP: 6/133 [black bear (4)]
  5157 | D:8      | Killed Harold
  5157 | D:8      | Reached skill level 5 in Short Blades
  5158 | D:8      | HP: 2/92 [black bear (3)]
  5161 | D:8      | Mangled by a wyvern

Vault maps used:
D:1:      dpeg_arrival_rooms_b, minmay_pentomino_r4
D:2:      minivault_25
D:3:      nrook_mini_backslash, uniq_terence
D:4:      cheibriados_altar_1, kennysheep_generic_room_10, uniq_pikel,
          uniq_edmund
D:5:      gammafunk_temple_overflow_forgotten, okawaru_trees_2, first_ration,
          xom_teletrap_fun, uniq_ijyb
D:6:      evilmike_ruin_ashenzari, minmay_temple_entry_fiery, elyvilon_altar_4
D:8:      tgw_trog, uniq_maurice, uniq_harold
Temple:   nicolae_temple_x_marks_the_god

Skill      XL: |  1  2  3  4  5  6  7  8  9 |
---------------+----------------------------+-----
Maces & Flails | 3 4 5 6 |  6.1
Dodging        | 3 4 5 6 |  6.6
Fighting       | 3 4 5 6 |  6.6
Short Blades   | 3 5 |  5.7
Stealth        | |  0.3

Action                   |  1- 3 |  4- 6 |  7- 9 || total
-------------------------+-------+-------+-------++-------
Melee: Mace              |   123 |   229 |       ||   352
       Whip              |       |       |    34 ||    34
       Dagger            |       |       |   180 ||   180
Invok: Berserk           |       |     5 |     4 ||     9
       Trog's Hand       |       |     3 |     2 ||     5
  Use: Scroll            |       |     7 |       ||     7
       Potion            |       |     6 |       ||     6
 Stab: Sleeping          |     1 |     1 |       ||     2
       Distracted        |       |       |     1 ||     1
  Eat: Chunk             |    13 |    22 |    28 ||    63
Armor: Animal skin       |    59 |   103 |    52 ||   214
Dodge: Dodged            |    84 |   145 |   137 ||   366

Table legend:
 A = Spawn XP
 B = Non-spawn XP
 C = Spawn XP percentage of total XP
 D = Spawn monster count
 E = Non-spawn monster count
 F = Spawn count percentage of total count
 G = Total turns spent on level
                    A         B        C        D         E        F      G
               +---------+---------+-------+---------+---------+-------+---------
         Total |       0 |    4923 |   0.0 |       0 |     143 |   0.0 |  5161
               +---------+---------+-------+---------+---------+-------+---------
           D:1 |       0 |      43 |   0.0 |       0 |      25 |   0.0 |   784
           D:2 |       0 |     103 |   0.0 |       0 |      17 |   0.0 |   762
           D:3 |       0 |     250 |   0.0 |       0 |      28 |   0.0 |   837
           D:4 |       0 |    1017 |   0.0 |       0 |      17 |   0.0 |   627
           D:5 |       0 |     268 |   0.0 |       0 |       3 |   0.0 |   487
           D:6 |       0 |     686 |   0.0 |       0 |      14 |   0.0 |   859
           D:7 |       0 |     617 |   0.0 |       0 |      23 |   0.0 |   431
           D:8 |       0 |    1939 |   0.0 |       0 |      16 |   0.0 |   314
               +---------+---------+-------+---------+---------+-------+---------
